 Dungeon Crawl Stone Soup version 0.31-a0-819-gf6de2f5ab6 (webtiles) character file.

Game seed: 6532842385352005159

2756 dialectric the Basher (level 9, -4/55 HPs)
             Began as a Gargoyle Fighter on Sept 24, 2023.
             Slain by a two-headed ogre
             ... wielding a +0 giant spiked club
              (13 damage)
             ... on level 8 of the Dungeon on Sept 25, 2023.
             The game lasted 00:09:27 (6616 turns).

dialectric the Basher (Gargoyle Fighter)            Turns: 6616, Time: 00:09:27

Health: -4/55      AC: 20    Str: 20    XL:     9   Next: 69%
Magic:  0/9        EV: 11    Int:  9    God:
Gold:   463        SH:  0    Dex: 13    Spells: 8/8 levels left

rFire   . . .        o - +2 flail (heavy)
rCold   . . .        (no shield)
rNeg    + . .        A - +0 swamp dragon scales
rPois   ∞            u - +0 helmet
rElec   +            j - +1 cloak
rCorr   .            i - +0 pair of gloves
SInv    +            (no boots)
Will    .....        l - amulet of guardian spirit
Stlth   +            k - ring of see invisible
HPRegen 0.29/turn    (no ring)
MPRegen 0.11/turn

%: guardian spirit
@: flying
A: sickness immunity, AC +6, negative energy resistance 1, electricity
resistance, torment resistance 1, petrification resistance, big wings,
deterioration 1, inability to drink after injury 1
a: no special abilities


You were on level 8 of the Dungeon.
You visited 2 branches of the dungeon, and saw 9 of its levels.
You also visited: Sewer.

You collected 463 gold pieces.

Inventory:

Hand Weapons
 o - a +2 heavy flail (weapon)
 D - a +2 vampiric whip
Missiles
 s - 30 poisoned darts
Armour
 b - a +0 scale mail
 c - a +0 buckler
 i - a +0 pair of gloves (worn)
 j - a +1 cloak (worn)
 u - a +0 helmet (worn)
 A - +0 swamp dragon scales (worn)
Jewellery
 k - a ring of see invisible (left hand)
 l - an amulet of guardian spirit (around neck)
 C - an amulet of reflection
Wands
 e - a wand of charming (3)
 t - a wand of quicksilver (6)
Scrolls
 f - a scroll of enchant weapon
 h - 2 scrolls of vulnerability {unknown}
 n - 3 scrolls of teleportation {unknown}
 r - 2 scrolls of blinking {unknown}
 v - 2 scrolls of poison {unknown}
 w - a scroll of fear {unknown}
 x - a scroll of amnesia {unknown}
 y - a scroll of enchant armour
 z - 2 scrolls of immolation
 B - a scroll of revelation {unknown}
Potions
 d - 3 potions of haste {unknown}
 g - a potion of lignification {unknown}
 m - a potion of cancellation
 p - a potion of curing
 q - a potion of enlightenment


   Skills:
 + Level 5.8 Fighting
 * Level 10.4 Maces & Flails
 + Level 7.3 Armour
 - Level 2.0 Dodging
 - Level 3.2 Shields


You had 8 spell levels left.
You didn't know any spells.
Your spell library contained the following spells:

 Spells                   Type           Power      Damage    Failure   Level
 Necrotise                Necr           0%         1d4       54%         1
 Blink                    Tloc           0%         N/A       67%         2
 Scorch                   Fire           0%         2d5       67%         2
 Vampiric Draining        Necr           0%         2d6       88%         3
 Anguish                  Hex/Necr       0%         N/A       99%         4
 Cause Fear               Hex            0%         N/A       99%         4
 Flame Wave               Conj/Fire      0%         2d4       99%         4
 Manifold Assault         Tloc           0%         N/A       99%         4
 Agony                    Necr           0%         N/A       100%        5
 Summon Cactus Giant      Summ           0%         N/A       100%        6
 Enfeeble                 Hex            0%         N/A       100%        7


Dungeon Overview and Level Annotations

Branches:
Dungeon (8/15)             Temple (1/1) D:7           Sewer (visited)
   Lair: D:8-11

Altars:
Ashenzari
Dithmenos
Elyvilon
Fedhas
Gozag
Hepliaklqana
Makhleb
Nemelex Xobeh
Qazlal
Ru
Trog
Uskayaw
Vehumet
Wu Jian
Xom
Yredelemnul
Zin

Shops:
D:4 [

Annotations:
D:4 3 runed translucent doors, Shayle's ghost, amateur OgHs
D:7 2 transporters, Age's ghost, novice MiFi


Innate Abilities, Weirdness & Mutations

You are immune to sickness and miasma.
Your stone body is resilient. (AC +6)
You are immune to poison.
You resist negative energy. (rN+)
You are resistant to electric shocks. (rElec)
You are resistant to unholy torment.
You are immune to petrification.
Your large and strong wings let you fly.
Your body sometimes deteriorates upon taking damage.
You occasionally lose the ability to drink potions when taking damage.


Message History

Found 3 stones.
You now have 463 gold pieces (gained 3).
No target in view!
No target in view!
No target in view!
No target in view!
You see here a +0 long sword.
Found a stone staircase leading down.
No target in view!
A two-headed ogre comes into view.
It is wielding two +0 giant spiked clubs.
The two-headed ogre shouts in stereo!
A two-headed ogre is nearby!
A two-headed ogre is nearby!
Found a broad axe.
The two-headed ogre hits you with a +0 giant spiked club.
The two-headed ogre hits you with a +0 giant spiked club!
You barely miss the two-headed ogre.
The two-headed ogre closely misses you. x2
You hit the two-headed ogre.
The two-headed ogre is lightly wounded.
You bludgeon the two-headed ogre!!
The two-headed ogre is heavily wounded.
The two-headed ogre closely misses you.
The two-headed ogre hits you with a +0 giant spiked club!
You are too injured to fight recklessly!
You are too injured to fight recklessly!
You are too injured to fight recklessly!
You are too injured to fight recklessly!
You are too injured to fight recklessly!
You are too injured to fight recklessly!
You are too injured to fight recklessly!
You barely miss the two-headed ogre.
The two-headed ogre is heavily wounded.
The two-headed ogre hits you with a +0 giant spiked club!!
* * * LOW HITPOINT WARNING * * *
The two-headed ogre hits you with a +0 giant spiked club.
You bludgeon the two-headed ogre!!
The two-headed ogre is almost dead.
The two-headed ogre barely misses you.
The two-headed ogre hits you with a +0 giant spiked club!
You die...

#(..# #...#
#...#
######..#
#.......# .
#..####.#
...###..# #.#
........####.#
######.@...#.#
#>O...#.#
###...#.#
...+.# ...###
...# ...# )..#


You could see a two-headed ogre.

Vanquished Creatures
  Maggie (D:7)
  3 water moccasins
  Pargi (Sewer)
  An ice beast (D:5)
  A sky beast (D:7)
  4 black bears
  A centaur (D:6)
  2 phantoms (D:5)
  A kobold brigand (D:8)
  A bullfrog (D:6)
  3 scorpions
  A gnoll sergeant (D:7)
  3 wights (D:7)
  3 hounds
  A jelly (D:5)
  3 gnoll boudas
  Crazy Yiuf (D:2)
  2 sleepcaps
  Terence (D:2)
  6 orc wizards
  6 adders
  15 gnolls
  A white imp (D:8)
  2 ufetubi
  4 worms
  3 dart slugs
  12 orcs
  7 endoplasms
  3 giant cockroaches
  8 goblins
  2 hobgoblins
  2 jackals (D:1)
  A quokka (D:3)
  9 ball pythons
  3 bats
  6 frilled lizards
  9 kobolds
  11 rats
144 creatures vanquished.

Vanquished Creatures (others)
  2 ogres (D:5)
  A scorpion (D:5)
  An orc wizard (D:5)
  A gnoll (D:5)
  An adder (D:5)
6 creatures vanquished.

Grand Total: 150 creatures vanquished

Notes
Turn   | Place    | Note
-------+----------+-------------------------------------------
     0 | D:1      | dialectric the Gargoyle Fighter began the quest for the
                  | Orb.
     0 | D:1      | Reached XP level 1. HP: 14/14 MP: 1/1
   138 | D:1      | Reached XP level 2. HP: 9/19 MP: 2/2
   703 | D:1      | Reached XP level 3. HP: 23/24 MP: 3/3
  1054 | D:2      | Reached skill level 3 in Maces & Flails
  1086 | D:2      | Found a faded altar of an unknown god.
  1112 | D:2      | Noticed Terence
  1124 | D:2      | Killed Terence
  1125 | D:2      | Reached XP level 4. HP: 16/29 MP: 4/4
  1430 | D:2      | Found a runed translucent door.
  1431 | D:2      | Noticed Crazy Yiuf
  1531 | D:2      | Killed Crazy Yiuf
  1686 | D:3      | Found a stormy altar of Qazlal.
  1805 | D:3      | Reached skill level 4 in Maces & Flails
  1847 | D:3      | Reached XP level 5. HP: 30/33 MP: 5/5
  2108 | D:4      | Noticed Shayle's ghost (amateur OgHs)
  2108 | D:4      | Noticed an ice beast
  2113 | D:4      | Found a blossoming altar of Fedhas.
  2448 | D:4      | Found Nabun's Armour Emporium.
  2534 | D:4      | Found a runed translucent gate.
  2534 | D:4      | Found a runed translucent gate.
  2534 | D:4      | Found a runed translucent gate.
  2664 | D:4      | Found a burning altar of Makhleb.
  2792 | D:5      | Entered Level 5 of the Dungeon
  2814 | D:4      | Reached skill level 5 in Maces & Flails
  2814 | D:4      | Reached XP level 6. HP: 34/38 MP: 4/6
  2969 | D:5      | Noticed a water moccasin
  2969 | D:5      | Found a shimmering altar of Xom.
  3000 | D:4      | Killed a water moccasin
  3001 | D:4      | Reached XP level 7. HP: 30/44 MP: 5/7
  3037 | D:4      | Reached skill level 6 in Maces & Flails
  3060 | D:4      | Reached skill level 5 in Armour
  3169 | D:5      | Found a white marble altar of Elyvilon.
  3448 | D:5      | Reached skill level 7 in Maces & Flails
  3448 | D:5      | Reached skill level 1 in Dodging
  3455 | D:5      | Reached XP level 8. HP: 36/48 MP: 8/8
  3563 | D:5      | Gained mutation: Your body sometimes deteriorates upon
                  | taking damage. [potion of mutation]
  3563 | D:5      | Gained mutation: You occasionally lose the ability to drink
                  | potions when taking damage. [potion of mutation]
  3563 | D:5      | Gained mutation: Your large and strong wings let you fly.
                  | [potion of mutation]
  3948 | D:6      | Reached skill level 5 in Fighting
  3948 | D:6      | Reached skill level 8 in Maces & Flails
  4024 | D:6      | Found a sparkling altar of Nemelex Xobeh.
  4117 | D:6      | Found a glowing drain.
  4133 | Sewer    | Entered a sewer
  4166 | Sewer    | Noticed Pargi
  4179 | Sewer    | Killed Pargi
  4706 | D:6      | Reached skill level 9 in Maces & Flails
  4706 | D:6      | Reached XP level 9. HP: 53/54 MP: 9/9
  4794 | D:6      | Found an ornate altar of the Wu Jian Council.
  5357 | D:7      | Found a staircase to the Ecumenical Temple.
  5376 | Temple   | Entered the Ecumenical Temple
  5992 | D:7      | Noticed Maggie
  6006 | D:7      | Killed Maggie
  6138 | D:7      | Noticed Age's ghost (novice MiFi)
  6160 | D:7      | Identified the +4 trident "Diastroos" {pain, *Corrode
                  | Will+++ Str-2 Stlth+}
  6191 | D:7      | Reached skill level 10 in Maces & Flails
  6191 | D:7      | Found a transporter.
  6194 | D:7      | Found a transporter.
  6554 | D:8      | Found a hazy altar of Hepliaklqana.
  6608 | D:8      | Noticed a two-headed ogre
  6616 | D:8      | Slain by a two-headed ogre

Illustrated notes

Levels and vault maps discovered:
D:1:      dpeg_arrival_subterranean_lakeside_camping, layout_loops_corners,
          minmay_indecisive_spiral
D:2:      layout_rooms, nicolae_ecumenical_oubliette, uniq_terence,
          uniq_crazy_yiuf_cottage
D:3:      layout_rooms, lemuel_doored_altar, minmay_quadrilaterals
D:4:      layout_basic, fedhas_ov_isle_minmay, makhleb_heckhound_becter,
          serial_shops, nicolae_shop_hallway_stairs, gammafunk_ghost_icy
D:5:      layout_loops_ring, xom_confusion_cloud, mainiacjoe_overflow_brackets
D:6:      layout_basic, mainiacjoe_overflow_cross_hatched,
          nemelex_xobeh_ov_fountains_minmay, cheibrodos_sewer_entry_drain,
          chequers_serial_rivers_large_b
D:7:      layout_loops_corners, minmay_temple_entry_junction,
          gammafunk_ghost_gnarly_gnolls, nicolae_sextant, minmay_misc_feat_iff,
          uniq_maggie
D:8:      kennysheep_windowed_halls, layout_basic, kennysheep_mini,
          nicolae_tso_swordbearing_angel, worldfamousw_hep_ancestral_shrine,
          overflow_temple_1_default
Temple:   jpeg_temple_island

Skill      XL: |  1  2  3  4  5  6  7  8  9 |
---------------+----------------------------+-----
Maces & Flails | 3 4 5 7 9 10 | 10.4
Armour         | 4 5 6 7 |  7.3
Fighting       | 4 5 |  5.8
Dodging        | 1 2 |  2.0
Shields        | |  3.2

Action                     |  1- 3 |  4- 6 |  7- 9 || total
---------------------------+-------+-------+-------++-------
  Melee: Flail             |   118 |   180 |   329 ||   627
         Punch             |     2 |     2 |     6 ||    10
    Use: Potion            |     1 |     3 |     2 ||     6
         Scroll            |       |     1 |     8 ||     9
 Armour: Scale mail        |   110 |   163 |   358 ||   631
         Swamp dragon scal |       |       |    53 ||    53
  Dodge: Dodged            |    80 |   103 |   210 ||   393

Table legend: (Time is in decaauts)
 A = Elapsed time spent in this place.
 B = Non-inter-level travel time spent in this place.
 C = Inter-level travel time spent in this place.
 D = Time resting spent in this place.
 E = Time spent auto-exploring this place.
 F = Levels seen in this place.
 G = Mean time per level.
                   A        B        C        D        E       F      G
               +--------+--------+--------+--------+--------+-----+--------+
         Total |   6731 |   6347 |    384 |    149 |   4611 |  10 |  673.1 |
       Dungeon |   6596 |   6213 |    383 |    149 |   4522 |   8 |  824.5 |
        Temple |      1 |      0 |      1 |      0 |      0 |   1 |    1.0 |
         Sewer |    133 |    133 |      0 |      0 |     89 |   1 |  133.0 |
               +--------+--------+--------+--------+--------+-----+--------+

Top non-repeatable levels by time:
     D:6: 1216 daAuts
     D:5: 1154 daAuts
     D:7: 1113 daAuts
     D:1: 1036 daAuts
     D:4: 893 daAuts
     D:2: 587 daAuts
     D:3: 479 daAuts
   Sewer: 133 daAuts
     D:8: 115 daAuts
  Temple: 1 daAuts
